 Dungeon Crawl Stone Soup version 0.24.0-10-g970556be89 (webtiles) character file.

Game seed: 561440841679943835, levelgen mode: deterministic

23 Masnef the Ogre Mage (level 2, -6/24 HPs)
             Began as an Ogre Wizard on Nov 4, 2019.
             Was an Initiate of Hepliaklqana.
             Mangled by a worm (7 damage)
             ... on level 2 of the Dungeon.
             The game lasted 00:04:15 (1431 turns).

Masnef the Ogre Mage (Ogre Wizard)                  Turns: 1431, Time: 00:04:15

Health: -6/24      AC:  4    Str: 10    XL:     2   Next: 95%
Magic:  1/6        EV:  9    Int: 19    God:    Hepliaklqana [......]
Gold:   53         SH:  0    Dex:  7    Spells: 3/8 levels left

rFire    . . .     SeeInvis .   c - +0 dagger
rCold    . . .     Gourm    .   (no shield)
rNeg     . . .     Faith    .   a - +0 robe
rPois    .         Spirit   .   b - +0 hat
rElec    .         Reflect  .   f - +0 cloak
rCorr    .         Harm     .   (gloves unavailable)
MR       .....                  (boots unavailable)
Stlth    +.........             (no amulet)
HPRegen  0.08/turn              (no ring)
MPRegen  0.10/turn              (no ring)

@: very slightly contaminated, heavily drained
A: large, unfitting armour, reduced essence, tough skin 1
a: Recall Ancestor, Ancestor Identity, Renounce Religion


You were on level 2 of the Dungeon.
You worshipped Hepliaklqana.
Hepliaklqana was noncommittal.
You were hungry.

You visited 1 branch of the dungeon, and saw 2 of its levels.

You collected 53 gold pieces.

Inventory:

Hand Weapons
 c - a +0 dagger (weapon)
 e - a +0 club
Armour
 a - a +0 robe (worn)
 b - a +0 hat (worn)
 f - a +0 cloak (worn)
Scrolls
 g - a scroll of amnesia {unknown}
 i - a scroll of magic mapping {unknown}
 m - a scroll of identify {unknown}
 o - a scroll of remove curse {unknown}
Comestibles
 d - 2 rations


   Skills:
 * Level 1.1(0.0) Fighting
 + Level 0.9(0.0) Short Blades
 + Level 1.9(0.3) Dodging
 - Level 1.4(0.0) Stealth
 - Level 3.6(1.9) Spellcasting
 + Level 1.7(0.1) Conjurations
 - Level 1.0(0.0) Summonings
 - Level 0.8(0.0) Translocations


You had 3 spell levels left.
You knew the following spells:

 Your Spells              Type           Power        Failure   Level  Hunger
a - Magic Dart            Conj           #...         16%         1    #......
b - Blink                 Tloc           N/A          26%         2    ###....
c - Call Imp              Summ           #.......     26%         2    ###....

Your spell library contained the following spells:

 Spells                   Type           Power        Failure   Level  Hunger
 Slow                     Hex            #.......     26%         2    ###....
 Conjure Flame            Conj/Fire      #.......     45%         3    ###....
 Mephitic Cloud           Conj/Pois/Air  #.......     45%         3    ###....


Dungeon Overview and Level Annotations

Branches:
Dungeon (2/15)

Altars:
Hepliaklqana


Innate Abilities, Weirdness & Mutations

You are too large for most types of armour.
You have tough skin. (AC +1)
Your life essence is reduced to manifest your ancestor. (-10% HP)


Message History

You hit the hobgoblin but do no damage.
The hobgoblin is almost dead.
The hobgoblin barely misses you. The worm bites you but does no damage.
You hit the hobgoblin but do no damage.
The hobgoblin is almost dead.
The hobgoblin barely misses you.
You closely miss the hobgoblin.
The hobgoblin is almost dead.
The hobgoblin closely misses you. The worm bites you.
You barely miss the hobgoblin.
The hobgoblin is almost dead.
The hobgoblin hits you but does no damage.
You hit the hobgoblin but do no damage.
The hobgoblin is almost dead.
The hobgoblin closely misses you. The worm bites you!
* * * LOW HITPOINT WARNING * * *
You hit the hobgoblin but do no damage.
The hobgoblin is almost dead.
The hobgoblin closely misses you. The worm bites you!
You die...

......###....##
#.#
....######....#
#.# .
.##..........#
#.# ..
...####w.#### #.#
##.....#....##..#
###.#
...g.........#..#
#...#
........#....#..#
#.###
........#....#..#
####.#..
........#.#@##..#
#....#.#
........'.gw##..#
###.####.#
........#.......#
#...#....#
#....<#.......#
#.###.####
........#.......#
#.# #.#
........#..####.#
#.# #.#
.......##..## #.#
#.# #.#
###....##...# #.#
#.###.#
#.......#.###.#
#.....####


You could see a worm and a hobgoblin.

Vanquished Creatures
  3 dart slugs (D:1)
  3 bats (D:1)
  A goblin (D:1)
  4 hobgoblins
  3 kobolds
  A rat (D:1)
15 creatures vanquished.

Vanquished Creatures (others)
  An ancestor (D:2)
1 creature vanquished.

Grand Total: 16 creatures vanquished

Notes
Turn   | Place    | Note
-------+----------+-------------------------------------------
     0 | D:1      | Masnef the Ogre Wizard began the quest for the Orb.
     0 | D:1      | Reached XP level 1. HP: 16/16 MP: 5/5
    25 | D:1      | Reached skill level 1 in Conjurations
   405 | D:1      | Reached XP level 2. HP: 22/24 MP: 0/6
   412 | D:1      | Learned a level 2 spell: Blink
   415 | D:1      | Learned a level 2 spell: Call Imp
   564 | D:1      | Reached skill level 1 in Summonings
  1341 | D:2      | Found a hazy altar of Hepliaklqana.
  1349 | D:2      | Became a worshipper of Hepliaklqana the Forgotten
  1384 | D:2      | Reached skill level 1 in Fighting
  1430 | D:2      | HP: 1/24 [worm (8)]
  1431 | D:2      | Mangled by a worm

Levels and vault maps discovered:
D:1:      lightli_arrival_quake, layout_basic
D:2:      layout_basic, gammafunk_temple_of_torment, lemuel_round_altar

Skill      XL: |  1  2 |
---------------+-------+-----
Conjurations   | 1 |  1.7
Summonings     | 1 |  1.0
Fighting       | 1 |  1.1
Short Blades   | |  0.9
Dodging        | |  1.9
Stealth        | |  1.4
Spellcasting   | |  3.6
Translocations | |  0.8

Action                   || total
-------------------------++-------
Melee: Dagger            ||    59
 Cast: Magic Dart        ||    55
Invok: Ancestor Identity ||     1
  Use: Scroll            ||     2
       Potion            ||     2
 Stab: Sleeping          ||     1
  Eat: Chunk             ||     1
Armor: Robe              ||    22
Dodge: Dodged            ||    45
